 Dungeon Crawl Stone Soup version 0.26.1-11-gd32895ea62 (webtiles) character file.

Game seed: 4392783748768832820

28651 KamiKatze the Blocker (level 13, -3/104 HPs)
             Began as a Gnoll Fighter on May 12, 2021.
             Was the Champion of Okawaru.
             Slain by a komodo dragon (4 damage)
             ... while petrified by a catoblepas
             ... on level 4 of the Lair of Beasts on May 13, 2021.
             The game lasted 01:15:59 (21607 turns).

KamiKatze the Blocker (Gnoll Fighter)              Turns: 21607, Time: 01:15:59

Health: -3/104     AC: 16    Str: 23    XL:     13   Next: 40%
Magic:  25/25      EV:  2    Int: 10    God:    Okawaru [******]
Gold:   867        SH:  0    Dex: 16    Spells: 23/28 levels left

rFire    . . .     SeeInvis .   a - +2 flail (protect)
rCold    . . .     Faith    .   c - +1 kite shield
rNeg     + + +     Spirit   .   P - +0 swamp dragon scales
rPois    ∞         Reflect  .   G - +2 helmet
rElec    .         Harm     .   (no cloak)
rCorr    +         Rampage  .   v - +0 pair of gloves {archery}
Will     .....                  y - +0 pair of boots
Stlth    +++.......             (no amulet)
HPRegen  0.27/turn              f - ring of wizardry
MPRegen  0.19/turn              z - ring of resist corrosion

@: petrified
A: distributed training, fangs 1, strong nose
a: Renounce Religion, Heroism, Finesse


You were on level 4 of the Lair of Beasts.
You worshipped Okawaru.
Okawaru was exalted by your worship.
You visited 3 branches of the dungeon, and saw 17 of its levels.
You also visited: Bailey.

You collected 867 gold pieces.

Inventory:

Hand Weapons
 a - a +2 flail of protection (weapon)
 g - a +10 trident
 q - the +2 fustibalus of Destiny {speed, +Fly rPois rC- MP+9}
   (Okawaru gifted it to you on level 10 of the Dungeon)

   Attacks with this weapon are significantly faster.
   It makes you vulnerable to cold.
   It protects you from poison.
   It affects your magic capacity (+9).
   It lets you fly.
 w - a +1 whip of electrocution
 H - a +0 morningstar
Missiles
 d - 12 curare-tipped darts
 e - 501 stones
 l - 21 arrows
 n - 6 atropa-tipped darts
 A - 113 sling bullets
 R - 225 bolts
 T - 19 poisoned darts (quivered)
 X - 2 throwing nets
Armour
 c - a +1 kite shield (worn)
 v - a +0 pair of gloves of archery (worn)
 y - a +0 pair of boots (worn)
 G - a +2 helmet (worn)
 I - +0 acid dragon scales
 P - +0 swamp dragon scales (worn)
 S - a +2 chain mail of cold resistance
 Z - a +0 scale mail of cold resistance
Jewellery
 f - a ring of wizardry (left hand)
 z - a ring of resist corrosion (right hand)
 M - an uncursed ring of magical power
Wands
 b - a wand of paralysis (9)
 i - a wand of digging (9)
 B - a wand of disintegration (12)
 C - a wand of flame (72)
 D - a wand of iceblast (20)
 E - a wand of random effects (48)
 L - a wand of polymorph (6)
 W - a wand of acid (11)
 Y - a wand of enslavement (9)
Scrolls
 h - a scroll of fog
 k - a scroll of blinking
 m - 4 scrolls of teleportation
 r - 3 scrolls of remove curse
 t - 2 scrolls of identify
 J - 2 scrolls of enchant weapon
Potions
 j - 2 potions of curing
 o - a potion of attraction
 p - 2 potions of brilliance
 s - a potion of magic
 u - a potion of heal wounds
 x - 4 potions of ambrosia
 F - 3 potions of lignification
 K - 3 potions of might
 N - a potion of resistance
 O - 2 potions of flight
 Q - 4 potions of haste


   Skills:
 + Level 10.5 Fighting
 + Level 8.2 Short Blades
 + Level 8.2 Long Blades
 + Level 8.2 Axes
 + Level 9.5 Maces & Flails
 + Level 8.2 Polearms
 + Level 8.2 Staves
 + Level 8.2 Slings
 + Level 8.2 Bows
 + Level 8.2 Crossbows
 + Level 8.2 Throwing
 + Level 10.5 Armour
 + Level 8.2 Dodging
 + Level 8.2 Stealth
 + Level 10.5 Shields
 + Level 8.2 Unarmed Combat
 + Level 8.2 Spellcasting
 + Level 6.9 Conjurations
 + Level 6.9 Hexes
 + Level 6.9 Summonings
 + Level 6.9 Necromancy
 + Level 6.9 Translocations
 + Level 6.9 Transmutations
 + Level 6.9 Fire Magic
 + Level 6.9 Ice Magic
 + Level 6.9 Air Magic
 + Level 6.9 Earth Magic
 + Level 6.9 Poison Magic
 + Level 9.0 Invocations
 + Level 8.2 Evocations


You had 23 spell levels left.
You knew the following spells:

 Your Spells              Type           Power        Failure   Level
a - Mephitic Cloud        Conj/Pois/Air  17%          3%          3
p - Passwall              Tmut/Erth      14%          1%          2

Your spell library contained the following spells:

 Spells                   Type           Power        Failure   Level
 Animate Skeleton         Necr           34%          1%          1
 Beastly Appendage        Tmut           34%          1%          1
 Pain                     Necr           68%          1%          1
 Sandblast                Erth           34%          1%          1
 Poisonous Vapours        Pois/Air       34%          1%          2
 Wereblood                Tmut           17%          1%          2
 Conjure Flame            Conj/Fire      17%          3%          3
 Spider Form              Tmut/Pois      8%           3%          3
 Stone Arrow              Conj/Erth      34%          3%          3
 Vampiric Draining        Necr           8%           3%          3
 Animate Dead             Necr           8%           10%         4
 Ice Form                 Ice/Tmut       17%          10%         4
 Petrify                  Tmut/Erth      17%          10%         4
 Agony                    Necr           17%          26%         5
 Blade Hands              Tmut           8%           26%         5
 Lee's Rapid Deconstruct  Erth           8%           26%         5
 Freezing Cloud           Conj/Ice/Air   8%           80%         6


Dungeon Overview and Level Annotations

Branches:
Dungeon (12/15)            Temple (1/1) D:4            Lair (3/6) D:9
    Orc (0/2) D:12         Bailey (visited)
  Swamp: Lair:2-4    Shoals: Lair:2-4     Snake: Lair:2-4    Spider: Lair:2-4

Altars:
Ashenzari
Cheibriados
Dithmenos
Elyvilon
Fedhas
Gozag
Hepliaklqana
Kikubaaqudgha
Makhleb
Nemelex Xobeh
Okawaru
Qazlal
Ru
Sif Muna
Trog
Uskayaw
Vehumet
Wu Jian
Xom
Yredelemnul
Zin
The Shining One
Beogh

Shops:
D:4 (=?

Annotations:
Lair:1 3 runed translucent doors, exclusion: 3 doors, generaletaddeo's ghost, journeyman DgEE


Innate Abilities, Weirdness & Mutations

Your experience applies equally to all skills.
You have very sharp teeth.
Your uncanny sense of smell can sniff out nearby items.


Message History

The yak gores you!
* * * LOW HITPOINT WARNING * * *
The komodo dragon hisses menacingly.
The komodo dragon bites you but does no damage.
The water moccasin completely misses you.
The komodo dragon bites you but does no damage.
The komodo dragon bites you!!
* * * LOW HITPOINT WARNING * * *
The yak gores you but does no damage. x2; The water moccasin bites you.
* * * LOW HITPOINT WARNING * * *
The komodo dragon bites you!
* * * LOW HITPOINT WARNING * * *
The catoblepas gores you!
* * * LOW HITPOINT WARNING * * *
The rime drake is no longer petrified.
The komodo dragon bites you!!
* * * LOW HITPOINT WARNING * * *
The water moccasin bites you.
* * * LOW HITPOINT WARNING * * *
The komodo dragon bites you!
You die...

P....#............
..............[.....
...#.#....P#.#......
....................
..P.........#.......
....................
...........#........
......Yllk..........
......Y@YFY...$.....
.......Sl.l.........
##...P..#...P..[#.#.
......?.............
..(....#.#...#......
......>.............
.....P#..##P..PP....
...... .. ...P


You could see a catoblepas, 3 komodo dragons, 3 yaks, a rime drake, a water
moccasin, a wyvern and a bullfrog.

Vanquished Creatures
  Kirke (D:12)
  Harold (D:9)
  A centaur warrior (D:10)
  2 hydras
  A two-headed ogre (D:9)
  2 unseen horrors
  An ugly thing (D:12)
  3 cyclopes
  2 manticores
  An elephant (Lair:2)
  3 black mambas
  Psyche (D:9)
  Joseph (D:9)
  Maggie (D:6)
  6 cane toads
  A rime drake (Lair:1)
  4 komodo dragons
  2 trolls
  A queen bee (Lair:2)
  Grinder (D:6)
  A hornet (D:12)
  Prince Ribbit (D:6)
  6 slime creatures (D:12)
  A meliai zombie (D:12)
  4 blink frogs
  6 wyverns
  3 yaks (Lair:2)
  Sigmund (D:2)
  3 hogs
  Grum (D:9)
  4 basilisks
  A steam dragon (Lair:2)
  Menkaure (D:5)
  A soldier ant (D:10)
  4 water moccasins
  Duvessa (D:6)
  An ice beast (D:9)
  14 orc warriors
  A sky beast (D:9)
  2 phantoms (D:9)
  5 ogres
  12 wolves
  2 centaurs
  Blork the orc (D:6)
  A big kobold (D:7)
  A wyvern zombie (D:11)
  15 bullfrogs
  A water moccasin skeleton (D:3)
  7 scorpions
  Dowan (D:6)
  36 killer bees
  5 wights (D:12)
  4 howler monkeys
  2 bullfrog zombies
  A jelly (D:10)
  A quasit (D:9)
  5 hounds
  10 orc priests
  A centaur skeleton (D:9)
  A bullfrog skeleton (D:10)
  14 orc wizards
  3 iguanas
  Ijyb (D:5)
  8 worker ants
  A killer bee zombie (D:5)
  A hound zombie (D:6)
  A hound skeleton (D:7)
  A worker ant zombie (D:10)
  Robin (D:4)
  8 gnolls
  A howler monkey skeleton (D:8)
  6 adders
  2 shadow imps
  2 white imps
  An ooze (D:2)
  An adder zombie (D:8)
  2 adder skeletons
  2 worms (D:2)
  4 dart slugs
  7 leopard geckos
  98 orcs
  4 ball pythons
  4 giant cockroaches
  10 goblins
  10 hobgoblins
  8 jackals
  3 quokkas
  12 bats
  7 frilled lizards
  10 kobolds
  A leopard gecko skeleton (D:4)
  A quokka skeleton (D:7)
  A quokka zombie (D:5)
  5 rats (D:1)
446 creatures vanquished.

Vanquished Creatures (others)
  2 humans (D:12)
  An orc (D:9)
  9 fungi
  22 plants
34 creatures vanquished.

Grand Total: 480 creatures vanquished

Notes
Turn   | Place    | Note
-------+----------+-------------------------------------------
     0 | D:1      | KamiKatze the Gnoll Fighter began the quest for the Orb.
     0 | D:1      | Reached XP level 1. HP: 23/23 MP: 1/1
   190 | D:1      | Reached XP level 2. HP: 24/29 MP: 2/2
   530 | D:1      | Reached XP level 3. HP: 35/35 MP: 3/3
  1010 | D:2      | Reached skill level 1 in Invocations
  1194 | D:2      | Reached skill level 1 in Short Blades
  1194 | D:2      | Reached skill level 1 in Long Blades
  1194 | D:2      | Reached skill level 1 in Axes
  1194 | D:2      | Reached skill level 1 in Polearms
  1194 | D:2      | Reached skill level 1 in Staves
  1194 | D:2      | Reached skill level 1 in Slings
  1194 | D:2      | Reached skill level 1 in Bows
  1194 | D:2      | Reached skill level 1 in Crossbows
  1194 | D:2      | Reached skill level 1 in Throwing
  1194 | D:2      | Reached skill level 1 in Dodging
  1194 | D:2      | Reached skill level 1 in Stealth
  1194 | D:2      | Reached skill level 1 in Unarmed Combat
  1194 | D:2      | Reached skill level 1 in Spellcasting
  1194 | D:2      | Reached skill level 1 in Evocations
  1249 | D:2      | Found a hide-covered altar of Uskayaw.
  1249 | D:2      | Found a glowing golden altar of the Shining One.
  1452 | D:2      | Reached XP level 4. HP: 39/41 MP: 5/5
  1553 | D:2      | Reached skill level 1 in Conjurations
  1553 | D:2      | Reached skill level 1 in Hexes
  1553 | D:2      | Reached skill level 1 in Summonings
  1553 | D:2      | Reached skill level 1 in Necromancy
  1553 | D:2      | Reached skill level 1 in Translocations
  1553 | D:2      | Reached skill level 1 in Transmutations
  1553 | D:2      | Reached skill level 1 in Fire Magic
  1553 | D:2      | Reached skill level 1 in Ice Magic
  1553 | D:2      | Reached skill level 1 in Air Magic
  1553 | D:2      | Reached skill level 1 in Earth Magic
  1553 | D:2      | Reached skill level 1 in Poison Magic
  1818 | D:2      | Noticed Sigmund
  1829 | D:2      | Killed Sigmund
  1830 | D:2      | Reached XP level 5. HP: 38/47 MP: 5/7
  1830 | D:2      | Reached XP level 6. HP: 42/53 MP: 5/8
  2076 | D:3      | Found a basalt altar of Yredelemnul.
  2431 | D:3      | Reached skill level 5 in Maces & Flails
  2604 | D:3      | Found a blossoming altar of Fedhas.
  2774 | D:4      | Found Ivaikil's Jewellery Emporium.
  2883 | D:4      | Found a staircase to the Ecumenical Temple.
  3028 | D:4      | Reached XP level 7. HP: 59/59 MP: 10/10
  3080 | D:4      | Found Xaty's Weapon Boutique.
  3130 | D:4      | Noticed Robin
  3163 | D:4      | Killed Robin
  3164 | D:4      | Found a shadowy altar of Dithmenos.
  3218 | Temple   | Entered the Ecumenical Temple
  3306 | Temple   | Became a worshipper of Warmaster Okawaru
  3429 | D:4      | Found a shimmering altar of Xom.
  3594 | D:4      | Found a hazy altar of Hepliaklqana.
  3651 | D:4      | Found Longizxo's Magic Scroll Boutique.
  3718 | D:4      | Noticed a cyclops
  3937 | D:5      | Entered Level 5 of the Dungeon
  3964 | D:5      | Noticed Ijyb
  3980 | D:5      | Killed Ijyb
  4403 | D:5      | Reached XP level 8. HP: 64/67 MP: 12/12
  4432 | D:5      | Reached * piety under Okawaru
  4450 | D:5      | Noticed Menkaure
  4464 | D:5      | Killed Menkaure
  4488 | D:6      | Noticed Prince Ribbit
  4532 | D:6      | Killed Prince Ribbit
  4823 | D:5      | Found a stormy altar of Qazlal.
  5516 | D:6      | Found a bloodstained altar of Trog.
  5566 | D:6      | Noticed Dowan
  5630 | D:6      | Killed Dowan
  5718 | D:6      | Found a sacrificial altar of Ru.
  5718 | D:6      | Found an ancient bone altar of Kikubaaqudgha.
  5811 | D:6      | Noticed Grinder
  5831 | D:6      | Killed Grinder
  5832 | D:6      | Reached XP level 9. HP: 73/73 MP: 11/14
  5927 | D:6      | Noticed Blork the orc
  5932 | D:6      | Noticed Duvessa
  5963 | D:6      | Killed Blork the orc
  6027 | D:6      | Noticed Maggie
  6048 | D:6      | Killed Maggie
  6048 | D:6      | Reached ** piety under Okawaru
  6719 | D:6      | Killed Duvessa
  7375 | D:7      | Found a burning altar of Makhleb.
  7532 | D:7      | Reached skill level 5 in Invocations
  7752 | D:7      | Found a radiant altar of Vehumet.
  7880 | D:8      | Found a flagged portal.
  7889 | Bailey   | Entered a bailey
  8459 | D:8      | Reached XP level 10. HP: 62/80 MP: 17/17
  8461 | D:8      | Reached *** piety under Okawaru
  8670 | D:8      | Reached skill level 5 in Short Blades
  8670 | D:8      | Reached skill level 5 in Long Blades
  8670 | D:8      | Reached skill level 5 in Axes
  8670 | D:8      | Reached skill level 5 in Polearms
  8670 | D:8      | Reached skill level 5 in Staves
  8670 | D:8      | Reached skill level 5 in Slings
  8670 | D:8      | Reached skill level 5 in Bows
  8670 | D:8      | Reached skill level 5 in Crossbows
  8670 | D:8      | Reached skill level 5 in Throwing
  8670 | D:8      | Reached skill level 5 in Dodging
  8670 | D:8      | Reached skill level 5 in Stealth
  8670 | D:8      | Reached skill level 5 in Unarmed Combat
  8670 | D:8      | Reached skill level 5 in Spellcasting
  8670 | D:8      | Reached skill level 5 in Evocations
  8804 | D:8      | Found a roughly hewn altar of Beogh.
  9137 | D:8      | Found a shimmering blue altar of Sif Muna.
  9315 | D:9      | Noticed Harold
  9458 | D:9      | Noticed Psyche
  9469 | D:9      | Noticed a two-headed ogre
  9475 | D:9      | Killed Psyche
  9485 | D:9      | Killed a two-headed ogre
  9485 | D:9      | Reached **** piety under Okawaru
  9806 | D:9      | Noticed Grum
  9876 | D:9      | Found a staircase to the Lair.
  9876 | D:9      | Noticed Joseph
  9903 | D:9      | Killed Joseph
 10711 | D:9      | Reached ***** piety under Okawaru
 10806 | D:9      | Found a roughly hewn altar of Beogh.
 10882 | D:9      | Killed Harold
 10882 | D:9      | Received a gift from Okawaru
 10883 | D:9      | Reached XP level 11. HP: 87/87 MP: 19/19
 11144 | D:10     | Entered Level 10 of the Dungeon
 11599 | D:9      | Killed Grum
 11658 | D:10     | Noticed a centaur warrior
 11821 | D:9      | Reached skill level 5 in Conjurations
 11821 | D:9      | Reached skill level 5 in Hexes
 11821 | D:9      | Reached skill level 5 in Summonings
 11821 | D:9      | Reached skill level 5 in Necromancy
 11821 | D:9      | Reached skill level 5 in Translocations
 11821 | D:9      | Reached skill level 5 in Transmutations
 11821 | D:9      | Reached skill level 5 in Fire Magic
 11821 | D:9      | Reached skill level 5 in Ice Magic
 11821 | D:9      | Reached skill level 5 in Air Magic
 11821 | D:9      | Reached skill level 5 in Earth Magic
 11821 | D:9      | Reached skill level 5 in Poison Magic
 12162 | D:9      | Received a gift from Okawaru
 12523 | D:10     | Killed a centaur warrior
 13554 | D:11     | Noticed a manticore
 13572 | D:11     | Killed a manticore
 13956 | D:11     | Killed an unseen horror
 13956 | D:11     | Received a gift from Okawaru
 14858 | D:12     | Noticed a cyclops
 15417 | D:12     | Found a staircase to the Orcish Mines.
 15457 | D:12     | Noticed a cyclops
 15469 | D:12     | Killed a cyclops
 15774 | D:12     | Killed a cyclops
 15879 | D:12     | Found an iron altar of Okawaru.
 15956 | D:12     | Noticed a manticore
 16008 | D:12     | Noticed a green ugly thing
 16018 | D:12     | Killed a manticore
 16019 | D:12     | Reached XP level 12. HP: 78/96 MP: 22/22
 16092 | D:12     | Noticed Kirke
 16210 | D:12     | Noticed a sphinx
 16218 | D:12     | Killed Kirke
 17263 | D:10     | Received a gift from Okawaru
 17264 | D:10     | Got a bloodstained fustibalus {god gift}
 17265 | D:10     | Identified the +2 fustibalus of Destiny {speed, +Fly rPois
                  | rC- MP+9} (Okawaru gifted it to you on level 10 of the
                  | Dungeon)
 18101 | Lair:1   | Entered Level 1 of the Lair of Beasts
 18307 | Lair:1   | Found a runed translucent gate.
 18308 | Lair:1   | Noticed generaletaddeo's ghost (journeyman DgEE)
 18310 | Lair:1   | Found a runed translucent gate.
 18310 | Lair:1   | Found a runed translucent gate.
 18310 | Lair:1   | Noticed an 11-headed hydra
 18490 | Lair:1   | Reached skill level 10 in Fighting
 18490 | Lair:1   | Reached skill level 10 in Armour
 18490 | Lair:1   | Reached skill level 10 in Shields
 19508 | Lair:1   | Reached XP level 13. HP: 88/103 MP: 24/24
 19873 | Lair:2   | Received a gift from Okawaru
 19888 | Lair:2   | Learned a level 3 spell: Mephitic Cloud
 20126 | Lair:2   | Received a gift from Okawaru
 20719 | Lair:2   | Reached ****** piety under Okawaru
 21574 | Lair:3   | Learned a level 2 spell: Passwall
 21595 | Lair:3   | You fall into a shaft and drop 1 floor!
 21607 | Lair:4   | HP: 2/104 [komodo dragon (9)]
 21607 | Lair:4   | Slain by a komodo dragon

Illustrated notes

Levels and vault maps discovered:
D:1:      heliophobic_arrival_battle_scene, layout_basic,
          minmay_misc_feat_plants
D:2:      layout_loops_ring, gammafunk_temple_overflow_wave, uniq_sigmund
D:3:      layout_rooms, nicolae_overflow_crystal_walls, fedhas_ov_isle_minmay,
          chequers_serial_rivers_micro_c
D:4:      layout_loops_cross, lemuel_crystal_altar, kennysheep_little_box,
          nzn_hepliaklqana_mist_gate, minmay_temple_entry_glass, serial_shops,
          nicolae_shop_crystal, shop_statue, shop, lightli_corner_chamber,
          uniq_robin
D:5:      layout_basic, basic_altar, kennysheep_generic_room_9, uniq_menkaure,
          uniq_ijyb
D:6:      layout_cave_pods, gammafunk_temple_overflow_pools, bloody_trog,
          uniq_grinder, uniq_prince_ribbit1, uniq_duvessa, uniq_maggie,
          uniq_blork_the_orc
D:7:      layout_loops_corners, nicolae_overflow_hidden_temple,
          lemuel_coloured_pillars_altar
D:8:      layout_loops_ring, lemuel_blue_sif_altar, enter_bailey_2, special_room
          [special_room_orc], grunt_ministairs_14
D:9:      layout_roguey, dpeg_oklobed_lair, special_room [special_room_orc],
          serial_aquarium, aquarium_bridge_straight [aquarium_subvault_bridge,
          aquarium_subvault_window, aquarium_subvault_bridge,
          aquarium_subvault_window], aquarium_window_corridor_3,
          aquarium_window_1, aquarium_view_2b, minmay_variable_closet,
          uniq_harold, uniq_joseph, uniq_psyche, uniq_grum
D:10:     layout_layer_cave, chequers_serial_rivers_room_b
D:11:     layout_stronghold
D:12:     layout_gridville, david_orc_3, okawaru_ov_weapons_minmay, uniq_kirke
Temple:   compressed_dpeg_triangle_lava_temple
Lair:1:   layout_cave_pods, gammafunk_ghost_hydra_chop, lemuel_fruit_fields
Lair:2:   regret_index_bee_streams, layout_chaotic_city
Lair:3:   cheibrodos_lair_river_kwai, layout_cave_shapes, grunt_megastairs_1,
          uniq_snorg
Lair:4:   gammafunk_cloud_chamber, layout_long_grid, swamp_mist,
          dummy_snake_entry, beast_lair_carwin_2, infiniplex_staircase_pool_2

Skill      XL: |  1  2  3  4  5  6  7  8  9 10 11 12 13 |
---------------+----------------------------------------+-----
Invocations    | 1 2 3 4 5 6 7 8 9 |  9.0
Short Blades   | 1 2 3 4 5 6 7 8 |  8.2
Long Blades    | 1 2 3 4 5 6 7 8 |  8.2
Axes           | 1 2 3 4 5 6 7 8 |  8.2
Polearms       | 1 2 3 4 5 6 7 8 |  8.2
Staves         | 1 2 3 4 5 6 7 8 |  8.2
Slings         | 1 2 3 4 5 6 7 8 |  8.2
Bows           | 1 2 3 4 5 6 7 8 |  8.2
Crossbows      | 1 2 3 4 5 6 7 8 |  8.2
Throwing       | 1 2 3 4 5 6 7 8 |  8.2
Dodging        | 1 2 3 4 5 6 7 8 |  8.2
Stealth        | 1 2 3 4 5 6 7 8 |  8.2
Unarmed Combat | 1 2 3 4 5 6 7 8 |  8.2
Spellcasting   | 1 2 3 4 5 6 7 8 |  8.2
Evocations     | 1 2 3 4 5 6 7 8 |  8.2
Conjurations   | 1 2 3 4 5 6 |  6.9
Hexes          | 1 2 3 4 5 6 |  6.9
Summonings     | 1 2 3 4 5 6 |  6.9
Necromancy     | 1 2 3 4 5 6 |  6.9
Translocations | 1 2 3 4 5 6 |  6.9
Transmutations | 1 2 3 4 5 6 |  6.9
Fire Magic     | 1 2 3 4 5 6 |  6.9
Ice Magic      | 1 2 3 4 5 6 |  6.9
Air Magic      | 1 2 3 4 5 6 |  6.9
Earth Magic    | 1 2 3 4 5 6 |  6.9
Poison Magic   | 1 2 3 4 5 6 |  6.9
Maces & Flails | 5 6 7 8 9 |  9.5
Fighting       | 7 8 9 10 | 10.5
Armour         | 7 8 9 10 | 10.5
Shields        | 7 8 9 10 | 10.5

Action                   |  1- 3 |  4- 6 |  7- 9 | 10-12 | 13-15 || total
-------------------------+-------+-------+-------+-------+-------++-------
Melee: Flail             |    90 |    86 |       |   280 |    15 ||   471
       Bite              |     4 |    13 |    47 |   167 |    42 ||   273
       Whip              |       |    78 |   420 |   609 |   242 ||  1349
       War axe           |       |       |       |     6 |       ||     6
       Trident           |       |       |       |   224 |       ||   224
 Fire: Fustibalus        |       |       |       |       |    11 ||    11
Throw: Stone             |       |     4 |       |       |       ||     4
       Dart              |       |       |     1 |    29 |    14 ||    44
Invok: Heroism           |       |       |     2 |     2 |       ||     4
       Finesse           |       |       |       |     2 |     1 ||     3
Evoke: Wand              |       |       |       |     4 |       ||     4
  Use: Potion            |       |     1 |       |       |     2 ||     3
       Scroll            |       |       |     6 |    22 |       ||    28
 Stab: Sleeping          |       |       |       |     7 |     2 ||     9
       Distracted        |       |       |       |     2 |     1 ||     3
Armor: Scale mail        |    29 |    44 |   101 |       |       ||   174
       Swamp dragon scal |       |       |    12 |   267 |   142 ||   421
Dodge: Dodged            |    19 |    48 |   153 |   423 |   125 ||   768
Block: Kite shield       |    44 |    69 |   211 |   644 |   173 ||  1141
